 Dungeon Crawl Stone Soup version 0.18-a0-1788-g92de1ac (webtiles) character file.

21 namelastname112 the Ruffian (level 2, 0/23 HPs)
             Began as a Draconian Transmuter on Apr 19, 2016.
             Slain by a giant gecko (4 damage)
             ... on level 1 of the Dungeon.
             The game lasted 00:03:39 (577 turns).

namelastname112 the Ruffian (Draconian Transmuter)   Turns: 577, Time: 00:03:39

Health: 0/23       AC:  4    Str: 12    XL:     2   Next: 62%
Magic:  1/5        EV: 12    Int: 13    God:
Gold:   22         SH:  0    Dex: 11    Spells: 2 memorised, 2 levels left

rFire  . . .     SeeInvis .       - Unarmed
rCold  . . .     Gourm    .     (armour unavailable)
rNeg   . . .     Faith    .     (no shield)
rPois  .         Spirit   .     (helmet restricted)
rElec  .         Dismiss  .     (no cloak)
rCorr  .         Reflect  .     (no gloves)
SustAt .         Harm     .     (no boots)
MR     .....                    (no amulet)
Stlth  +.........               (no ring)
                                (no ring)

@: not resistant to hostile enchantments, very unstealthy
A: unfitting armour, cold-blooded, AC +4
a: no special abilities


You were on level 1 of the Dungeon.
You were not hungry.

You visited 1 branch of the dungeon, and saw 1 of its levels.

You collected 22 gold pieces.

Inventory:

Missiles
 a - 10 arrows
Scrolls
 d - 2 scrolls of enchant weapon {unknown}
 h - a scroll of enchant armour {unknown}
 k - a scroll of remove curse {unknown}
 l - 3 scrolls of identify {unknown}
Potions
 e - a potion of flight {unknown}
 g - a potion of curing {unknown}
 j - a potion of resistance {unknown}
Books
 b - a book of Changes

   Spells                             Type                      Level
   a - Beastly Appendage              Transmutation                1
   b - Sticks to Snakes               Transmutation                2
   c - Spider Form                    Transmutation/Poison         3
   d - Ice Form                       Ice/Transmutation            4
   e - Blade Hands                    Transmutation                5
Comestibles
 c - 2 bread rations
 f - a royal jelly
 i - 5 fruits


   Skills:
 - Level 1.1 Fighting
 - Level 1.7 Dodging
 * Level 3.6 Unarmed Combat
 - Level 2.0 Spellcasting
 + Level 2.4 Transmutations


You had 2 spell levels left.
You knew the following spells:

 Your Spells              Type           Power        Failure   Level  Hunger
a - Beastly Appendage     Trmt           #.....       12%         1    ##.....
c - Sticks to Snakes      Trmt           #.......     17%         2    ###....


Dungeon Overview and Level Annotations

Branches:
Dungeon (1/15)

Altars:


Innate Abilities, Weirdness & Mutations

Your plain brown scales are hard (AC +4).
Your body does not fit into most forms of armour.
You are cold-blooded and may be slowed by cold attacks.


Message History

* * * LOW HITPOINT WARNING * * *
You take 1 damage, and have 3/23 hp.
Casting: Beastly Appendage
Confirm with . or Enter, or press ? or * to list all spells.
You create a snake!
You now have 11 arrows.
The giant gecko closely misses you.
You now have 3/5 mp.
The giant gecko misses you.
Your ball python closely misses the giant gecko.
Your ball python misses the giant gecko.
The giant gecko bites your ball python.
Your ball python dies!
Casting: Sticks to Snakes
Confirm with . or Enter, or press ? or * to list all spells.
You create a snake!
You now have 10 arrows.
You now have 1/5 mp.
Casting: Sticks to Snakes
Confirm with . or Enter, or press ? or * to list all spells.
You don't have enough magic to cast that spell.
The giant gecko bites you.
You die...

#.# #.### #.#.. #####
#.#.# #####...### #.#.##
#.#.......# ### #.#.#.
#........###.## #.#.#. ##
##............## #..#..
#.# #....Sl@......#
#.###.
#.###........##.#.####.##
## #.#.......).##.).....#
# #.########.##.....##.#
## #.# #.###..#.# #.###)
#.# #......#.####.#.# #.#
#..........##.##.## #.#
#.......##......... #.#
#.......##.....###.


You could see a giant gecko and a friendly ball python.

Vanquished Creatures
  A dart slug (D:1)
  5 bats (D:1)
  A giant cockroach (D:1)
  3 goblins (D:1)
  2 hobgoblins (D:1)
  A kobold (D:1)
  3 giant newts (D:1)
  A rat (D:1)
17 creatures vanquished.

Notes
Turn   | Place    | Note
--------------------------------------------------------------
     0 | D:1      | namelastname112 the Draconian Transmuter began the quest for the Orb.
     0 | D:1      | Reached XP level 1. HP: 16/16 MP: 3/3
     0 | D:1      | xeno23: kjk
     0 | D:1      | xeno23: lel
     0 | D:1      | xeno23: слышь
     0 | D:1      | namelastname112: че
     0 | D:1      | xeno23: ты уверен что у стелса нет капа
     0 | D:1      | namelastname112: да
    42 | D:1      | xeno23: чому тогда плюсиков конечное число
    56 | D:1      | namelastname112: тому шо девы пидоры
   395 | D:1      | Reached XP level 2. HP: 19/23 MP: 5/5
   399 | D:1      | Learned a level 2 spell: Sticks to Snakes
   528 | D:1      | crauler: какойто ран того чего не ожидал
   543 | D:1      | crauler: экзек фростбайт
   577 | D:1      | Slain by a giant gecko

Vault maps used:
D:1:      nicolae_arrival_memento_mori, minmay_crystal_water

Action                   || total
-------------------------++-------
Melee: Unarmed           ||    59
       Tailslap          ||     4
       Kick              ||     1
       Punch             ||     1
 Cast: Beastly Appendage ||     1
       Sticks to Snakes  ||     2
 Stab: Sleeping          ||     1
Armor: Skin              ||    12
Dodge: Dodged            ||    34
